 Dungeon Crawl Stone Soup version 0.31-a0-844-gdc52ec4e09 (webtiles) character file.

Game seed: 18200003246684105459

381 Kurtz the Chopper (level 6, 0/42 HPs)
             Began as an Octopode Fighter on Sept 30, 2023.
             Slain by a quasit (2 damage)
             ... summoned by Eustachio
             ... on level 4 of the Dungeon.
             The game lasted 00:03:48 (2790 turns).

Kurtz the Chopper (Octopode Fighter)                Turns: 2790, Time: 00:03:49

Health: 0/42       AC:  1    Str: 16      XL:     6   Next: 75%
Magic:  6/6        EV: 10    Int: 10      God:
Gold:   231        SH: 12    Dex: 12 (13) Spells: 5/5 levels left

rFire   . . .        a - +0 war axe
rCold   . . .        i - +0 tower shield
rNeg    . . .        (helmet restricted)
rPois   .            (no amulet)
rElec   .            (no ring)
rCorr   .            (no ring)
SInv    .            (no ring)
Will    +....        (no ring)
Stlth   ++           (no ring)
HPRegen 0.27/turn    (no ring)
MPRegen 0.10/turn    (no ring)
                     (no ring)

%: no passive effects
@: enlightened, flying
A: almost no armour, amphibious, 8 rings, camouflage 1, gelatinous body 1,
(nimble swimmer 1), tentacles
a: no special abilities


You were on level 4 of the Dungeon.
You visited 1 branch of the dungeon, and saw 5 of its levels.

You collected 261 gold pieces.
You spent 30 gold pieces at shops.

Inventory:

Hand Weapons
 a - a +0 war axe (weapon)
Armour
 b - a +0 buckler
 i - a +0 tower shield (worn)
Scrolls
 d - 3 scrolls of teleportation
 e - a scroll of revelation
 f - a scroll of vulnerability {unknown}
 g - 2 scrolls of poison {unknown}
 h - 5 scrolls of identify {unknown}
 j - a scroll of amnesia {unknown}
 k - a scroll of blinking {unknown}
 m - a scroll of enchant armour {unknown}
Potions
 n - a potion of resistance {unknown}
 o - a potion of invisibility {unknown}


   Skills:
 - Level 3.1 Fighting
 * Level 6.5 Axes
 - Level 3.2 Dodging
 - Level 0.3 Stealth
 - Level 3.4 Shields


You had 5 spell levels left.
You didn't know any spells.
Your spell library contained the following spells:

 Spells                   Type           Power      Damage    Failure   Level
 Blink                    Tloc           0%         N/A       100%        2
 Lesser Beckoning         Tloc           0%         N/A       100%        2
 Momentum Strike          Conj/Tloc      0%         3d8       100%        2
 Olgreb's Toxic Radiance  Pois           0%         N/A       100%        4
 Discord                  Hex            0%         N/A       100%        8
 Ignition                 Fire           0%         3d3       100%        8


Dungeon Overview and Level Annotations

Branches:
Dungeon (5/15)
 Temple: D:4-7

Altars:

Shops:
D:1 *=!:!   D:3 !   D:4 *

Annotations:
D:2 exclusion: downstairs
D:4 exclusion: downstairs, Eustachio
D:5 exclusion: black bear, Menkaure


Innate Abilities, Weirdness & Mutations

You cannot wear most types of armour.
You are amphibious.
You can wear up to eight rings at the same time.
Your skin changes colour to match your surroundings (Stealth+).
Your rubbery body absorbs attacks. (AC +1, EV +1)
((You are camouflaged when in or above water. (Stealth+)))
You have tentacles for arms and can constrict up to eight enemies at once.


Message History

There is a stone staircase leading up here.
There are no items here.
Eustachio yells, "Perjured traitor, DIE!"
Eustachio hits you with a +2 rapier of flaming.
Eustachio burns you.
You climb upwards.
Level annotation: exclusion: downstairs
There is a stone staircase leading down here.
Unknown command.
You hit Eustachio. Your grab misses Eustachio. Your squeeze misses Eustachio.
Eustachio is lightly wounded.
Eustachio hits you with a +2 rapier of flaming.
Eustachio burns you. You block Eustachio's attack.
You closely miss Eustachio. Your grab misses Eustachio.
Eustachio is lightly wounded.
Eustachio hits you with a +2 rapier of flaming!
Eustachio burns you.
Eustachio casts a spell.
Eustachio blinks!
Unknown command.
You hit Eustachio. Your grab misses Eustachio.
Eustachio is lightly wounded.
You block Eustachio's attack.
Unknown command.
You slash Eustachio! Your grab misses Eustachio.
Eustachio is moderately wounded.
Eustachio casts a spell.
Eustachio hits you with a +2 rapier of flaming!
* * * LOW HITPOINT WARNING * * *
Eustachio burns you.
* * * LOW HITPOINT WARNING * * *
It was a potion of enlightenment.
You feel very buoyant.
You fly up into the air.
The quasit bites you.
* * * LOW HITPOINT WARNING * * *
You feel clumsy. The quasit claws you.
* * * LOW HITPOINT WARNING * * *
The quasit claws you.
You die...

############
#..##..#
####..###.##
###.....###...
##...#...#.....
######..##..#.#>....
#......###.##.......
#......##..###......
#.5....#..###.......
#..@5...............
#...@..#.###........
#......#.##.......##
########...........#
#####.........>.#
#...............#
#..<..........<.#
#...............#
#......#.........


You could see Eustachio, an iron imp (summoned) and a quasit (summoned).

Vanquished Creatures
  A water moccasin (D:5)
  A scorpion (D:5)
  A hound (D:5)
  An iguana (D:5)
  An orc wizard (D:4)
  3 gnolls
  4 adders
  An ufetubus (D:4)
  3 dart slugs
  4 orcs
  6 endoplasms
  5 giant cockroaches
  9 goblins
  2 hobgoblins
  4 quokkas
  3 bats
  3 frilled lizards
  9 kobolds
  5 rats
66 creatures vanquished.

Notes
Turn   | Place    | Note
-------+----------+-------------------------------------------
     0 | D:1      | Kurtz the Octopode Fighter began the quest for the Orb.
     0 | D:1      | Reached XP level 1. HP: 16/16 MP: 1/1
     2 | D:1      | Noticed a spriggan
     4 | D:1      | Noticed a demonspawn
     4 | D:1      | Noticed an octopode
     6 | D:1      | Noticed a meteoran
     6 | D:1      | Noticed a gargoyle
     8 | D:1      | Noticed a naga
     8 | D:1      | Noticed a formicid
    10 | D:1      | Noticed a demigod
    10 | D:1      | Noticed an armataur
    12 | D:1      | Noticed a ghoul
    14 | D:1      | Noticed an elf
    16 | D:1      | Noticed a minotaur
    16 | D:1      | Noticed a troll
    18 | D:1      | Noticed a draconian
    18 | D:1      | Noticed an ogre
    20 | D:1      | Noticed a vine stalker
    20 | D:1      | Noticed a human
    22 | D:1      | Noticed a merfolk
    22 | D:1      | Noticed a tengu
    24 | D:1      | Noticed a demonspawn
    24 | D:1      | Noticed a felid
    27 | D:1      | Noticed a draconian
    27 | D:1      | Noticed a ghoul
    46 | D:1      | Found Zetum's Distillery.
   116 | D:1      | Found Yli Buvaff's Book Boutique.
   131 | D:1      | Found Lorphi's Distillery.
   159 | D:1      | Reached XP level 2. HP: 18/21 MP: 2/2
   257 | D:1      | Found Tyihiuqu's Jewellery Emporium.
   415 | D:1      | Found Giluonk's Assorted Antiques.
   441 | D:1      | Reached XP level 3. HP: 24/26 MP: 3/3
   898 | D:2      | Reached skill level 3 in Axes
  1223 | D:3      | Noticed a gnoll sergeant
  1236 | D:2      | Reached XP level 4. HP: 19/31 MP: 4/4
  1309 | D:3      | Found Ycve's Distillery.
  1342 | D:3      | Bought a potion of curing for 30 gold pieces
  1668 | D:2      | Reached skill level 4 in Axes
  1797 | D:4      | Reached XP level 5. HP: 30/36 MP: 5/5
  2039 | D:4      | Found Fiuma's Elemental Accessories.
  2503 | D:5      | Entered Level 5 of the Dungeon
  2507 | D:5      | Noticed a water moccasin
  2516 | D:5      | Killed a water moccasin
  2517 | D:5      | Reached skill level 5 in Axes
  2517 | D:5      | Reached XP level 6. HP: 42/42 MP: 6/6
  2529 | D:5      | Reached skill level 6 in Axes
  2534 | D:5      | Noticed a black bear
  2716 | D:5      | Noticed Menkaure
  2721 | D:5      | Noticed Eustachio
  2790 | D:4      | HP: 2/42 [quasit[Eustachio] (1)]
  2790 | D:4      | Slain by a quasit

Illustrated notes

Levels and vault maps discovered:
D:1:      kb_arrival_jail, layout_basic, serial_shops,
          nicolae_shop_tiny_statue_garden, nicolae_shop_behind_doors,
          nicolae_shop_tiny_real_fake_doors, nicolae_shop_industrial_runoff,
          shop, dilly_ecumenical_altar_fadedgnrine
D:2:      layout_loops_cross
D:3:      layout_basic, serial_shops, shop
D:4:      layout_rooms, serial_glass, glass_columns_a, glass_columns_b,
          nicolae_elemental_shop
D:5:      layout_basic, nicolae_ru_path_of_blood, nicolae_ossuary_entry_giza,
          uniq_menkaure, uniq_eustachio, uniq_edmund, uniq_prince_ribbit1

Skill      XL: |  1  2  3  4  5  6 |
---------------+-------------------+-----
Axes           | 3 4 5 6 |  6.5
Fighting       | |  3.1
Dodging        | |  3.2
Stealth        | |  0.3
Shields        | |  3.4

Action                     |  1- 3 |  4- 6 || total
---------------------------+-------+-------++-------
  Melee: War axe           |    55 |    61 ||   116
         Constrict         |    16 |     8 ||    24
         Tentacles         |     8 |    10 ||    18
    Use: Potion            |       |     3 ||     3
         Scroll            |       |     2 ||     2
   Stab: Sleeping          |     4 |     3 ||     7
 Armour: Skin              |    20 |    37 ||    57
  Dodge: Dodged            |    29 |    15 ||    44
  Block: Buckler           |    12 |       ||    12
         Tower shield      |    11 |    42 ||    53

Table legend: (Time is in decaauts)
 A = Elapsed time spent in this place.
 B = Non-inter-level travel time spent in this place.
 C = Inter-level travel time spent in this place.
 D = Time resting spent in this place.
 E = Time spent auto-exploring this place.
 F = Levels seen in this place.
 G = Mean time per level.
                   A        B        C        D        E       F      G
               +--------+--------+--------+--------+--------+-----+--------+
         Total |   2865 |   2707 |    158 |    311 |   1773 |   5 |  573.0 |
       Dungeon |   2865 |   2707 |    158 |    311 |   1773 |   5 |  573.0 |
               +--------+--------+--------+--------+--------+-----+--------+

Top non-repeatable levels by time:
     D:4: 813 daAuts
     D:2: 794 daAuts
     D:1: 590 daAuts
     D:3: 432 daAuts
     D:5: 234 daAuts
